 Dungeon Crawl Stone Soup version 0.28-a0-664-gc179e30c89 (webtiles) character file.

Game seed: 6858760434567866822

71 ytrimaz the Skirmisher (level 4, -7/37 HPs)
             Began as a Formicid Fighter on Oct 16, 2021.
             Mangled by Sigmund (9 damage)
             ... on level 2 of the Dungeon.
             The game lasted 00:03:01 (1625 turns).

ytrimaz the Skirmisher (Formicid Fighter)           Turns: 1625, Time: 00:03:02

Health: -7/37      AC:  9    Str: 22    XL:     4   Next: 47%
Magic:  4/4        EV:  8    Int:  7    God:
Gold:   28         SH:  4    Dex: 10    Spells: 3/3 levels left

rFire   . . .      SeeInvis +   a - +0 flail
rCold   . . .      Faith    .   c - +0 buckler
rNeg    . . .      Spirit   .   f - +0 chain mail
rPois   .          Reflect  .   (helmet unavailable)
rElec   .          Harm     .   (no cloak)
rCorr   .          Rampage  .   (no gloves)
Will    .....                   (no boots)
Stlth   ..........              (no amulet)
HPRegen 0.12/turn               (no ring)
MPRegen 0.09/turn               (no ring)

@: mighty
A: permanent stasis, dig shafts and tunnels, antennae 3, four strong arms
a: Dig, Shaft Self


You were on level 2 of the Dungeon.
You visited 1 branch of the dungeon, and saw 2 of its levels.

You collected 28 gold pieces.

Inventory:

Hand Weapons
 a - a +0 flail (weapon)
Armour
 c - a +0 buckler (worn)
 f - a +0 chain mail (worn)
Potions
 e - a potion of flight {unknown}


   Skills:
 * Level 4.1 Fighting
 * Level 3.3 Maces & Flails
 + Level 3.8 Armour
 - Level 3.6 Shields


You had 3 spell levels left.
You didn't know any spells.
Your spell library was empty.

Dungeon Overview and Level Annotations

Branches:
Dungeon (2/15)

Altars:

Annotations:
D:2 Sigmund


Innate Abilities, Weirdness & Mutations

You cannot be hasted, slowed, berserked, paralysed or teleported.
You can dig through walls and to a lower floor.
You have a pair of large antennae on your head. (SInv)
Your four strong arms can wield two-handed weapons with a shield.


Message History

You are confused.
You thump Sigmund!
Sigmund is heavily wounded.
Sigmund hits you but does no damage.
You're too confused to move!
Sigmund hits you with a +0 scythe.
You barely miss Sigmund.
Sigmund is heavily wounded.
Sigmund hits you with a +0 scythe.
You miss Sigmund.
Sigmund is heavily wounded.
Sigmund hits you with a +0 scythe.
You bump into the rock wall.
Unknown command.
You bump into the rock wall.
You feel less confused. Sigmund hits you with a +0 scythe.
* * * LOW HITPOINT WARNING * * *
You hit Sigmund.
Sigmund is heavily wounded.
Sigmund barely misses you.
You closely miss Sigmund.
Sigmund is heavily wounded.
Sigmund mumbles some strange words.
Sigmund flickers and vanishes for a moment.
Unknown command.
You closely miss Sigmund.
Sigmund is heavily wounded.
Sigmund hits you but does no damage.
You closely miss Sigmund.
Sigmund is heavily wounded.
Sigmund hits you with a +0 scythe.
* * * LOW HITPOINT WARNING * * *
Unknown command.
You sock Sigmund!
Sigmund is almost dead.
Unknown command.
You closely miss Sigmund.
Sigmund is almost dead.
Sigmund hits you with a +0 scythe!
You die...

#.###.####.......>.
............#
..###.####..# ..#
#.# #..# ..###.##
#..# ..##...# #..#
..##.#.# #..#
..##...#
#..#########
..###.##
#......@@..#
..###.#
##.#######.#
..##..#####.# #.#
..........†.# #.#
####..####### #.# #
#..# #.# # #..# #.#
# #..# #.# # #..#
#.#


You could see Sigmund (invisible).

Vanquished Creatures
  Natasha (D:2)
  A dart slug (D:1)
  2 ball pythons (D:1)
  5 endoplasms
  2 giant cockroaches (D:1)
  3 goblins
  7 hobgoblins
  3 kobolds (D:1)
  4 quokkas (D:1)
  6 bats
  4 rats
38 creatures vanquished.

Notes
Turn   | Place    | Note
-------+----------+-------------------------------------------
     0 | D:1      | ytrimaz the Formicid Fighter began the quest for the Orb.
     0 | D:1      | Reached XP level 1. HP: 18/18 MP: 1/1
    74 | D:1      | Reached XP level 2. HP: 24/24 MP: 2/2
   547 | D:1      | Reached XP level 3. HP: 27/30 MP: 3/3
  1342 | D:1      | Reached skill level 4 in Fighting
  1563 | D:2      | Noticed Natasha
  1568 | D:2      | Killed Natasha
  1569 | D:2      | Reached XP level 4. HP: 37/37 MP: 4/4
  1596 | D:2      | Noticed Sigmund
  1625 | D:2      | Mangled by Sigmund

Illustrated notes

Levels and vault maps discovered:
D:1:      minmay_arrival_wavy_path, layout_basic, serial_co_window_serial,
          co_window_paths_a, co_window_paths_a, co_window_corner_a,
          co_window_paths_a, co_window_corner_a, co_window_of_opportunity_b,
          co_window_corner_b, co_window_corner_b, co_window_paths_c,
          co_window_paths_c, co_window_of_opportunity_b, co_window_4corner_a,
          glass_columns_c, glass_columns_a, glass_columns_b, minmay_unequal
D:2:      layout_loops_ring, basic_altar, uniq_sigmund, uniq_jessica,
          uniq_natasha

Skill      XL: |  1  2  3 |
---------------+----------+-----
Fighting       | 4 |  4.1
Maces & Flails | 3 |  3.3
Armour         | |  3.8
Shields        | |  3.6

Action                   |  1- 3 |  4- 6 || total
-------------------------+-------+-------++-------
Melee: Flail             |    79 |    18 ||    97
 Abil: Dig               |     7 |       ||     7
  Use: Scroll            |     2 |       ||     2
       Potion            |       |     1 ||     1
Armor: Scale mail        |    58 |       ||    58
       Chain mail        |     2 |    11 ||    13
Dodge: Dodged            |    47 |    15 ||    62
Block: Buckler           |    24 |     2 ||    26

Table legend: (Time is in decaauts)
 A = Elapsed time spent in this place.
 B = Non-inter-level travel time spent in this place.
 C = Inter-level travel time spent in this place.
 D = Time resting spent in this place.
 E = Time spent auto-exploring this place.
 F = Levels seen in this place.
 G = Mean time per level.
                   A        B        C        D        E       F      G
               +--------+--------+--------+--------+--------+-----+--------+
         Total |   1652 |   1599 |     53 |     86 |   1139 |   2 |  826.0 |
       Dungeon |   1652 |   1599 |     53 |     86 |   1139 |   2 |  826.0 |
               +--------+--------+--------+--------+--------+-----+--------+

Top non-repeatable levels by time:
     D:1: 1433 daAuts
     D:2: 218 daAuts
